 Dungeon Crawl Stone Soup version 0.26-a0-639-g72c4674329 (webtiles) character file.

Game seed: 7945208500778960160

3688 Borgoz the Basher (level 10, -8/63 HPs)
             Began as a Gargoyle Berserker on Sept 19, 2020.
             Was an Elder of Trog.
             Killed by divine providence
             ... invoked by an orc priest
              (17 damage)
             ... on level 8 of the Dungeon.
             The game lasted 00:14:19 (6234 turns).

Borgoz the Basher (Gargoyle Berserker)              Turns: 6234, Time: 00:14:20

Health: -8/63      AC: 22    Str: 22    XL:     10   Next: 13%
Magic:  10/10      EV: 11    Int:  7    God:    Trog [****..]
Gold:   346        SH:  0    Dex: 12    Spells: 9/9 levels left

rFire    + . .     SeeInvis +   a - +0 flail (drain)
rCold    . . .     Faith    .   (no shield)
rNeg     + + .     Spirit   .   m - +1 chain mail {rF+}
rPois    ∞         Reflect  .   t - +0 helmet
rElec    +         Harm     .   (no cloak)
rCorr    .         Rampage  .   h - +0 pair of gloves
MR       ++...                  c - +0 pair of boots
Stlth    ..........             (no amulet)
HPRegen  1.20/turn              w - ring of see invisible
MPRegen  0.12/turn              j - ring of positive energy

@: regenerating
A: negative energy resistance 1, electricity resistance, unbreathing,
petrification resistance, rot immunity, AC +7
a: Berserk, Trog's Hand, Brothers in Arms, Renounce Religion


You were on level 8 of the Dungeon.
You worshipped Trog.
Trog was greatly pleased with you.
You visited 2 branches of the dungeon, and saw 8 of its levels.

You collected 346 gold pieces.

Inventory:

Hand Weapons
 a - a +0 flail of draining (weapon)
Missiles
 f - 2 throwing nets (quivered)
Armour
 b - a +1 ring mail of cold resistance
 c - a +0 pair of boots (worn)
 h - a +0 pair of gloves (worn)
 m - a +1 chain mail of fire resistance (worn)
 t - a +0 helmet (worn)
Jewellery
 j - a ring of positive energy (right hand)
 p - a +4 ring of evasion {unknown}
 w - a ring of see invisible (left hand)
Wands
 g - a wand of polymorph (10)
 o - a wand of enslavement (4)
 F - a wand of iceblast (1)
Scrolls
 e - 2 scrolls of blinking {unknown}
 i - 2 scrolls of enchant armour {unknown}
 k - a scroll of amnesia {unknown}
 l - a scroll of random uselessness {unknown}
 s - 3 scrolls of magic mapping {unknown}
 v - a scroll of fear {unknown}
 x - 2 scrolls of remove curse {unknown}
 y - 4 scrolls of teleportation {unknown}
 A - a scroll of brand weapon {unknown}
 C - a scroll of immolation {unknown}
Potions
 d - a potion of invisibility {unknown}
 n - a potion of might
 q - a potion of resistance
 r - a potion of mutation
 u - 2 potions of stabbing {unknown}
 z - 3 potions of haste
 D - a potion of heal wounds


   Skills:
 + Level 7.2 Fighting
 * Level 8.8 Maces & Flails
 + Level 6.7 Armour
 * Level 7.1 Dodging


You had 9 spell levels left.
You didn't know any spells.
Your spell library was empty.

Dungeon Overview and Level Annotations

Branches:
Dungeon (6/15)             Temple (1/1) D:6

Altars:
Dithmenos
Wu Jian
Xom
Yredelemnul
Zin
Beogh
Lugonu


Innate Abilities, Weirdness & Mutations

You are resistant to torment.
Your stone body is resilient. (AC +7)
You are immune to poison.
You resist negative energy. (rN+)
You are resistant to electric shocks. (rElec)
You can survive without breathing.
You are immune to petrification.
You are immune to rotting.


Message History

The orc hits you with a +0 dagger. The orc warrior closely misses you.
You hit the orc but do no damage. You drain the orc.
The orc is heavily wounded.
The orc hits you but does no damage.
The orc sings a few bars from the Orcish anthem.
The orc warrior hits you from afar with a +0 trident!
You are too injured to fight recklessly!
You are too injured to fight recklessly!
You are too injured to fight recklessly!
Your skin crawls.
You feel resistant to hostile enchantments.
The orc hits you but does no damage.
The orc priest calls down the wrath of Beogh upon you.
Beogh smites you!
* * * LOW HITPOINT WARNING * * *
The orc warrior hits you from afar with a +0 trident.
* * * LOW HITPOINT WARNING * * *
The orc priest invokes the aid of Beogh against you.
Beogh smites you!
You die...

#.#.###
... #.#
##.....#
oo #.#
#...(..#oo
#.
#.######o
#.# oo #.#
##o# #.#
#).#
#.###o###
#.#.@...#
#.#.###.#
#...# ...
###.# ###
#... ###.#
..# #...
#.. ..###
#.#


You could see an orc warrior, an orc priest and 7 orcs.

Vanquished Creatures
  Harold (D:8)
  Psyche (D:8)
  Maggie (D:6)
  The ghost of Goblin1989 the Twirler, a novice KoGl (D:4)
  Grinder (D:6)
  Eustachio (D:6)
  Edmund (D:4)
  Duvessa (D:6)
  An orc warrior (D:8)
  A phantom (D:4)
  A necrophage (D:6)
  An ogre (D:8)
  A centaur (D:5)
  Dowan (D:6)
  A scorpion (D:4)
  10 wights
  A bullfrog zombie (D:6)
  A quasit (D:8)
  2 centaur skeletons (D:4)
  An orc priest (D:4)
  2 orc wizards
  4 iguanas (D:4)
  A hound skeleton (D:8)
  10 gnolls
  12 adders
  2 ufetubi (D:5)
  2 oozes
  An adder skeleton (D:5)
  A worm (D:2)
  6 leopard geckos
  29 orcs
  A ball python (D:2)
  5 bats
  3 giant cockroaches
  5 goblins
  7 hobgoblins
  10 jackals
  7 kobolds
  3 quokkas
  7 frilled lizards
  A jackal skeleton (D:6)
  A jackal zombie (D:5)
  A leopard gecko skeleton (D:4)
  A quokka zombie (D:5)
  4 rats
  A spectral orc (D:4)
157 creatures vanquished.

Vanquished Creatures (others)
  3 plants (D:4)
3 creatures vanquished.

Grand Total: 160 creatures vanquished

Notes
Turn   | Place    | Note
-------+----------+-------------------------------------------
     0 | D:1      | Borgoz the Gargoyle Berserker began the quest for the Orb.
     0 | D:1      | Reached XP level 1. HP: 14/14 MP: 1/1
   272 | D:1      | Reached XP level 2. HP: 17/19 MP: 2/2
   980 | D:2      | Reached ** piety under Trog
   980 | D:2      | Reached XP level 3. HP: 23/23 MP: 3/3
  1221 | D:2      | Found a shadowy altar of Dithmenos.
  1395 | D:2      | Reached XP level 4. HP: 28/28 MP: 4/4
  1813 | D:3      | Found an ornate altar of the Wu Jian Council.
  2423 | D:3      | Reached skill level 4 in Maces & Flails
  2423 | D:3      | Reached XP level 5. HP: 29/33 MP: 5/5
  2876 | D:4      | Noticed Edmund
  2915 | D:4      | Killed Edmund
  2915 | D:4      | Reached XP level 6. HP: 26/39 MP: 6/6
  3456 | D:4      | Found a glowing silver altar of Zin.
  3521 | D:4      | Found a basalt altar of Yredelemnul.
  3585 | D:4      | Reached skill level 5 in Maces & Flails
  3585 | D:4      | Reached XP level 7. HP: 44/44 MP: 7/7
  3852 | D:4      | Found a runed translucent gate.
  3852 | D:4      | Noticed Goblin1989's ghost (novice KoGl)
  3866 | D:4      | Identified the cursed +3 dagger "Dasyir" {flame, rF+ Int+6
                  | Dex+2}
  3879 | D:4      | Found a runed translucent gate.
  3879 | D:4      | Found a runed translucent gate.
  3882 | D:4      | Found a roughly hewn altar of Beogh.
  4144 | D:4      | Killed Goblin1989's ghost
  4144 | D:4      | Reached skill level 5 in Fighting
  4144 | D:4      | Reached XP level 8. HP: 49/49 MP: 8/8
  4309 | D:5      | Entered Level 5 of the Dungeon
  4360 | D:5      | Reached *** piety under Trog
  4446 | D:5      | Reached skill level 6 in Maces & Flails
  4980 | D:6      | Found a staircase to the Ecumenical Temple.
  5033 | D:6      | Noticed Eustachio
  5050 | D:6      | Killed Eustachio
  5050 | D:6      | Reached skill level 5 in Armour
  5050 | D:6      | Reached skill level 5 in Dodging
  5260 | Temple   | Entered the Ecumenical Temple
  5365 | D:6      | Noticed Maggie
  5378 | D:6      | Killed Maggie
  5378 | D:6      | Reached skill level 7 in Maces & Flails
  5378 | D:6      | Reached XP level 9. HP: 54/55 MP: 9/9
  5427 | D:6      | Noticed Dowan
  5428 | D:6      | Noticed Duvessa
  5433 | D:6      | Noticed Grinder
  5445 | D:6      | Killed Duvessa
  5475 | D:6      | HP: 1/82 [Dowan/stone arrow (6)]
  5478 | D:6      | Killed Dowan
  5490 | D:6      | Killed Grinder
  5738 | D:6      | You fall into a shaft and drop 2 floors!
  5852 | D:8      | Noticed Harold
  5871 | D:8      | Killed Harold
  5871 | D:8      | Reached skill level 8 in Maces & Flails
  6084 | D:8      | Reached **** piety under Trog
  6097 | D:8      | Noticed Psyche
  6112 | D:8      | Killed Psyche
  6112 | D:8      | Reached XP level 10. HP: 63/63 MP: 10/10
  6234 | D:8      | Killed from afar by an orc priest

Illustrated notes

Levels and vault maps discovered:
D:1:      evilmike_arrival_plus, layout_basic
D:2:      wander_river, layout_basic, minmay_misc_feat_cross,
          grunt_dithmenos_smoke_and_mirrors
D:3:      layout_loops_corners, lemuel_round_altar,
          nicolae_overflow_hidden_temple
D:4:      layout_rooms, lemuel_doored_altar,
          yredelemnul_forgotten_temple_becter, biasface_ghost_orc_armoury,
          minmay_lizard_king, uniq_edmund
D:5:      layout_loops_ring, serial_glass, glass_columns_a, glass_columns_c,
          hangedman_decor_lopped, kennysheep_generic_room_2
D:6:      layout_basic, nicolae_overflow_crystal_walls,
          minmay_temple_entry_mist, kennysheep_generic_room_13, uniq_duvessa,
          uniq_grinder, uniq_eustachio, uniq_maggie
D:8:      layout_loops_ring, special_room [special_room_orc], uniq_psyche,
          uniq_harold
Temple:   kb_corrupted_temple

Skill      XL: |  1  2  3  4  5  6  7  8  9 |
---------------+----------------------------+-----
Dodging        | 2 3 4 5 7 |  7.1
Maces & Flails | 4 5 7 8 |  8.8
Armour         | 3 4 5 6 |  6.7
Fighting       | 4 5 6 7 |  7.2

Action                   |  1- 3 |  4- 6 |  7- 9 | 10-12 || total
-------------------------+-------+-------+-------+-------++-------
Melee: Mace              |   110 |   205 |   118 |       ||   433
       Flail             |       |       |   328 |    31 ||   359
Throw: Throwing net      |       |       |     1 |       ||     1
Invok: Trog's Hand       |       |       |     5 |     1 ||     6
       Berserk           |       |       |     4 |       ||     4
Evoke: Wand              |       |       |     3 |       ||     3
  Use: Scroll            |       |     1 |     4 |       ||     5
       Potion            |       |       |     7 |       ||     7
Armor: Animal skin       |    29 |       |       |       ||    29
       Scale mail        |    29 |   123 |   158 |       ||   310
       Steam dragon scal |       |       |    46 |       ||    46
       Chain mail        |       |       |    36 |    23 ||    59
       Skin              |       |       |    24 |       ||    24
Dodge: Dodged            |    79 |   112 |   366 |    24 ||   581

Table legend: (Time is in decaauts)
 A = Elapsed time spent in this place.
 B = Non-inter-level travel time spent in this place.
 C = Inter-level travel time spent in this place.
 D = Time resting spent in this place.
 E = Time spent auto-exploring this place.
 F = Levels seen in this place.
 G = Mean time per level.
                   A        B        C        D        E       F      G
               +--------+--------+--------+--------+--------+-----+--------+
         Total |   6365 |   6153 |    212 |    987 |   3620 |   8 |  795.6 |
       Dungeon |   6283 |   6078 |    205 |    987 |   3548 |   7 |  897.6 |
        Temple |     81 |     74 |      7 |      0 |     72 |   1 |   81.0 |
               +--------+--------+--------+--------+--------+-----+--------+

Top non-repeatable levels by time:
     D:4: 1701 daAuts
     D:1: 985 daAuts
     D:3: 967 daAuts
     D:2: 748 daAuts
     D:6: 686 daAuts
     D:5: 677 daAuts
     D:8: 515 daAuts
  Temple: 81 daAuts
